AoeStats
← trashmiscellaneous

Arena

506132376Analyzed
2v2 RM · 19d ago on Sep 12, 2026· 66m 57s· 4 players
Game mode
Random Map
Map size
Medium (4 player)
Population
200
Speed
Normal
Resources
Standard
Victory
Conquest
Starting age
Dark Age
Ending age
Imperial Age
RankedLock teamsTeams togetherTeam positionsShared explorationLock speedFull tech treeHidden civsTurbo modeCheats
Victory
Defeat
🇦🇺 Teutons · Australia
407
+19
🇦🇺 Bohemians · Australia
407
+19
🇦🇺 Wei · Australia
511
-22
🇪🇸 Franks · Spain
454
-18
tribel11
9:32 Feudal Age
10:50 Wheelbarrow
10:05 Double-Bit Axe
15:00 Gold Mining
15:10 Stone Mining
19:05 Town Watch
19:06 Loom
25:10 Castle Age
26:14 Hand Cart
27:01 Bow Saw
28:20 Gold Shaft Mining
29:12 Town Patrol
30:25 Pikeman
32:28 Crossbowman
36:42 #83
42:21 Imperial Age
trashmiscellaneous
12:04 Feudal Age
12:30 Horse Collar
12:37 Double-Bit Axe
13:32 Wheelbarrow
17:05 Town Watch
18:18 Stone Mining
18:19 Gold Mining
22:21 Castle Age
23:18 Elite Skirmisher
26:09 Caravan
28:03 Husbandry
28:45 Hand Cart
32:33 Scale Mail Armor
32:46 Forging
32:42 Scale Barding Armor
32:38 Padded Archer Armor
34:22 Treadmill Crane
34:38 Murder Holes
34:57 Masonry
35:00 Fortified Wall
34:41 Guard Tower
37:30 Tuntian
40:31 Imperial Age
38:14 Town Patrol
41:08 Iron Casting
44:17 Bloodlines
43:30 Light Cavalry
44:53 Hoardings
44:40 Conscription
45:09 Loom
46:22 Fervor
46:49 Block Printing
46:57 Block Printing
49:56 Chemistry
49:17 Ballistics
49:32 Keep
48:28 Elite Tiger Cavalry
49:39 Ming Guang Armor
50:07 Capped Ram
51:04 Siege Ram
62:49 Heavy Plow
vJJoshuaa21xyz
11:04 Feudal Age
11:33 Double-Bit Axe
15:28 Horse Collar
20:49 Castle Age
21:40 Bow Saw
21:32 Heavy Plow
29:05 Imperial Age
27:39 Treadmill Crane
28:53 Wheelbarrow
28:03 Town Watch
31:53 Padded Archer Armor
31:43 Fletching
33:49 Town Patrol
35:25 Two-Man Saw
36:45 Chemistry
35:58 Caravan
36:16 Leather Archer Armor
35:57 Crossbowman
39:08 Ballistics
38:16 Arbalester
40:04 Hand Cart
42:33 Elite Hussite Wagon
45:20 Scale Barding Armor
56:18 Light Cavalry
muntballs
13:50 Feudal Age
15:42 Double-Bit Axe
20:46 Horse Collar
22:50 Gold Mining
23:35 Stone Mining
26:17 Castle Age
26:27 Castle Age
31:03 Stone Shaft Mining
35:41 Scale Mail Armor
35:52 Forging
39:45 Imperial Age
39:56 Imperial Age
38:23 Ironclad
40:40 Elite Teutonic Knight
44:57 Iron Casting
44:37 Chain Mail Armor
44:49 Chain Mail Armor
44:20 Capped Ram
51:31 Conscription
57:44 Blast Furnace
57:15 Plate Mail Armor
59:22 Spies/Treason
Connection lost

Rejoining the realm…

Still unreachable

The connection could not be restored.

Session expired

The server has moved on; the page needs a fresh start.